 Dungeon Crawl Stone Soup version 0.21.1 (webtiles) character file.

250 GuyWithAPlan the Twirler (level 5, 0/38 HPs)
             Began as a Demonspawn Gladiator on Feb 5, 2018.
             Slain by Menkaure (21 damage)
             ... on level 4 of the Dungeon.
             The game lasted 00:05:53 (3343 turns).

GuyWithAPlan the Twirler (Demonspawn Gladiator)     Turns: 3343, Time: 00:05:53

Health: 0/38       AC:  6    Str: 14    XL:     5   Next: 88%
Magic:  5/5        EV: 13    Int: 10    God:
Gold:   139        SH:  0    Dex: 15    Spells: 4/4 levels left

rFire    . . .     SeeInvis .   h - +1 quarterstaff
rCold    + . .     Gourm    .   (shield currently unavailable)
rNeg     . . .     Faith    .   b - +0 leather armour
rPois    .         Spirit   .   c - +0 helmet
rElec    .         Reflect  .   (no cloak)
rCorr    .         Harm     .   p - +1 pair of gloves
MR       .....                  (no boots)
Stlth    ++........             (no amulet)
HPRegen  0.12/turn              m - ring of stealth
MPRegen  0.09/turn              q - ring of loudness (curse)

@: no status effects
A: cold resistance 1, nightstalker 1, freezing cloud immunity
a: no special abilities


You were on level 4 of the Dungeon.
You were not hungry.

You visited 1 branch of the dungeon, and saw 4 of its levels.

You collected 139 gold pieces.

Inventory:

Hand Weapons
 a - a +0 quarterstaff
 h - a +1 quarterstaff (weapon)
Missiles
 d - 3 throwing nets (quivered)
Armour
 b - a +0 leather armour (worn)
 c - a +0 helmet (worn)
 p - a +1 pair of gloves (worn)
Jewellery
 m - a ring of stealth (left hand)
 q - a cursed ring of loudness (right hand)
Wands
 i - a wand of flame (36)
Scrolls
 g - a scroll of teleportation
 j - a scroll of fog
 o - a scroll of identify
 r - a scroll of enchant weapon
Potions
 e - a potion of heal wounds
 k - a potion of lignification
 n - a potion of brilliance
Comestibles
 f - 5 rations
 s - 4 chunks of flesh


   Skills:
 - Level 2.0 Fighting
 + Level 6.1 Staves
 - Level 1.7 Throwing
 - Level 2.7 Dodging


You had 4 spell levels left.
You didn't know any spells.

Dungeon Overview and Level Annotations

Branches:
Dungeon (4/15)
 Temple: D:4-7

Altars:

Annotations:
D:4 Dowan, Duvessa, Menkaure


Innate Abilities, Weirdness & Mutations

Your flesh is cold resistant. (rC+)
You are slightly more attuned to the shadows.
You are immune to freezing clouds.


Message History

Menkaure is nearby!
Okay, then.
Menkaure shouts!
Menkaure calls on the powers of darkness!
Your body is wracked with pain!
Throwing (i - inventory. (,) - cycle):
l - 2 silver tomahawks (quivered)
Press: ? - help, Shift-Dir - straight line, f - Menkaure
Aim: Menkaure You throw a silver tomahawk.
The silver tomahawk barely misses Menkaure.
Throwing (i - inventory. (,) - cycle):
l - a silver tomahawk (quivered)
Press: ? - help, Shift-Dir - straight line, f/p - Menkaure
Aim: Menkaure You throw a silver tomahawk.
The silver tomahawk hits Menkaure!
Menkaure is moderately damaged.
You hit Menkaure.
Menkaure is moderately damaged.
Menkaure hits you!!
Ouch! That really hurt!
You die...

.# .. # ##.# # #..# ##
##..##### .##
##.......# ..#
###)........ #.##
##....@M.(... #.)####
###....#.[.....
#..)..###....###.....(.
...#..))....## ##......
..#####...### ......
..# ##....# #..... ..#
#.....# ..... ...
.......# .. #........


You could see Menkaure.

Vanquished Creatures
  2 hounds (D:4)
  Natasha (D:2)
  3 gnolls (D:2)
  2 adders (D:2)
  An ooze (D:1)
  3 worms (D:2)
  A dart slug (D:1)
  4 leopard geckos
  5 orcs
  3 giant cockroaches
  8 goblins
  16 hobgoblins
  13 jackals
  A quokka (D:2)
  A ball python (D:2)
  3 bats (D:1)
  5 frilled lizards
  A jackal skeleton (D:4)
  9 kobolds
  13 rats
95 creatures vanquished.

Notes
Turn   | Place    | Note
-------+----------+-------------------------------------------
     0 | D:1      | GuyWithAPlan the Demonspawn Gladiator began the quest for the Orb.
     0 | D:1      | Reached XP level 1. HP: 16/16 MP: 1/1
   112 | D:1      | Reached skill level 3 in Staves
   125 | D:1      | Gained mutation: Your flesh is cold resistant. (rC+) [demonic ancestry]
   125 | D:1      | Reached XP level 2. HP: 10/22 MP: 2/2
   681 | D:1      | Gained mutation: You are immune to freezing clouds. [demonic ancestry]
   681 | D:1      | Reached XP level 3. HP: 26/27 MP: 3/3
   721 | D:1      | Reached skill level 4 in Staves
  1579 | D:2      | Gained mutation: You are slightly more attuned to the shadows. [demonic ancestry]
  1579 | D:2      | Reached XP level 4. HP: 33/33 MP: 4/4
  2020 | D:2      | Noticed Natasha
  2025 | D:2      | Killed Natasha
  2025 | D:2      | Reached skill level 5 in Staves
  2105 | D:3      | Reached XP level 5. HP: 38/38 MP: 5/5
  2943 | D:3      | Found a faded altar of an unknown god.
  3113 | D:4      | Noticed Duvessa
  3113 | D:4      | Noticed Dowan
  3198 | D:4      | Reached skill level 6 in Staves
  3336 | D:4      | Noticed Menkaure
  3343 | D:4      | Slain by Menkaure

Skill      XL: |  1  2  3  4  5 |
---------------+----------------+-----
Staves         | 3 4 5 6 |  6.1
Fighting       | |  2.0
Throwing       | |  1.7
Dodging        | |  2.7

Action                   |  1- 3 |  4- 6 || total
-------------------------+-------+-------++-------
Melee: Quarterstaff      |   153 |   143 ||   296
Throw: Tomahawk          |       |     2 ||     2
  Use: Scroll            |       |    11 ||    11
       Potion            |       |     1 ||     1
 Stab: Sleeping          |     3 |     4 ||     7
  Eat: Chunk             |     2 |     6 ||     8
Armor: Leather armour    |    44 |    36 ||    80
Dodge: Dodged            |   117 |    97 ||   214
